Map: Orbital Shipyard

Players

Bop

  • Race: Zerg Zerg

tyryry - Winner!

  • Race: Zerg Zerg

VOD

Have the link to the VOD?

Description

Time

  • Played on: May 6, 2015, 5:28 a.m.
  • Length: 6:01
Show
View Real Time Build Order
Export as new Build Order

Bop Zerg 

Build Orders: Hatch First 

Get SALT Encoding   

  12  0:01  Drone  
  13  0:12  Drone  
  14  0:17  Overlord  
  14  0:35  Drone x3  
  17  0:54  Hatchery  
  16  0:57  Drone  
  16  1:00  Drone  
  16  1:02  Extractor  
  17  1:11  Drone  
  18  1:19  Spawning Pool  
  18  1:22  Drone  
  18  1:32  Drone  
  19  1:41  Overlord  
  19  2:06  Queen  
  19  2:08  Zergling x4  
  23  2:11  Queen  
  23  2:12  Metabolic Boost  
  26  2:15  Drone x2  
  27  2:23  Drone  
  27  2:24  Drone  
  29  2:43  Lair  
  29  2:46  Queen  
  29  2:48  Drone x4  
  35  2:54  Zergling x2  
  36  3:01  Baneling Nest  
  36  3:05  Zergling x2  
  36  3:07  Overlord  
  36  3:22  Overlord  
  36  3:29  Zergling x16  
  36  3:32  Overlord  
  35  3:45  Zergling x8  
  35  3:55  Zergling x4  
  31  3:57  Baneling  
  28  4:07  Zergling x4  
  25  4:20  Zergling x4  
  26  4:32  Zergling x4  
  28  4:44  Zergling x2  
  28  4:45  Zergling x2  
  27  4:57  Zergling x2  
  27  4:58  Zergling x2  
  29  5:06  Zergling x4  
  27  5:13  Zergling x4  
  27  5:22  Zergling x2  
  27  5:23  Zergling x2  
  27  5:24  Baneling x5  
  28  5:32  Zergling x4  
  29  5:36  Zergling x2  
  29  5:37  Zergling x6  
  30  5:44  Zergling x2  
Show
View Real Time Build Order
Export as new Build Order

tyryry Zerg - Winner!

Build Orders: Pool First, Zergling Baneling 

Get SALT Encoding   

  12  0:01  Drone  
  13  0:09  Drone  
  14  0:17  Overlord  
  14  0:29  Drone x2, Extractor x2  
  16  0:36  Drone  
  16  0:41  Extractor  
  16  0:49  Spawning Pool  
  15  0:52  Drone  
  15  0:56  Drone  
  17  1:05  Drone  
  18  1:15  Overlord  
  18  1:36  Zergling x2, Queen  
  18  1:37  Zergling x2  
  22  1:45  Metabolic Boost  
  22  1:48  Zergling x2  
  23  1:59  Zergling x2  
  24  2:10  Zergling x2  
  24  2:12  Baneling Nest  
  24  2:20  Overlord  
  24  2:31  Zergling x2  
  24  2:35  Hatchery  
  24  2:41  Zergling x2  
  25  2:44  Zergling x4  
  25  2:45  Zergling x4  
  29  2:55  Zergling x2  
  30  3:06  Zergling x2  
  31  3:15  Baneling x4  
  31  3:18  Zergling x6  
  31  3:19  Zergling x2  
  35  3:32  Queen  
  37  3:40  Zergling x2  
  37  3:41  Zergling x2  
  37  3:47  Baneling  
  36  3:49  Zergling x2  
  36  3:52  Zergling x2  
  35  3:58  Zergling x2  
  34  4:02  Zergling x2  
  34  4:03  Zergling x6  
  34  4:05  Zergling x2  
  34  4:09  Zergling x2  
  31  4:17  Baneling  
  31  4:18  Baneling x2  
  31  4:20  Zergling x4  
  33  4:24  Baneling  
  33  4:26  Zergling x2  
  33  4:30  Zergling x2  
  34  4:45  Zergling x12  
  37  4:51  Zergling x2  
  39  4:58  Zergling x8  
  41  5:00  Zergling x2  
  41  5:04  Zergling x2  
  37  5:09  Zergling x2  
  34  5:16  Zergling x2  
  34  5:19  Zergling x4  
  37  5:27  Zergling x6  
  40  5:35  Zergling x4  
  42  5:41  Baneling  
  42  5:42  Baneling  
Tags
 
Add a new tag
Caveats
  • Supply blocks, unpowered buildings, or Contaminate may cause inaccurate times.
  • Supply counts are checked every 10 seconds.